 Dungeon Crawl Stone Soup version 0.31-a0-198-g2ad674f65e (webtiles) character file.

Game seed: 1011014775136801820

22 qw the Shooter (level 2, 0/16 HPs)
             Began as a Deep Elf Hunter on June 25, 2023.
             Slain by Terence
             ... wielding a +0 falchion
              (5 damage)
             ... on level 2 of the Dungeon.
             The game lasted 00:00:15 (714 turns).

qw the Shooter (Deep Elf Hunter)                     Turns: 714, Time: 00:00:16

Health: 0/16       AC:  6    Str:  8    XL:     2   Next: 68%
Magic:  4/4        EV: 11    Int: 13    God:
Gold:   28         SH:  0    Dex: 18    Spells: 1/1 levels left

rFire   . . .        Y - +0 shortbow
rCold   . . .        (shield currently unavailable)
rNeg    . . .        e - +0 ring mail
rPois   .            (no helmet)
rElec   .            (no cloak)
rCorr   .            i - +0 pair of gloves
SInv    .            (no boots)
Will    .....        (no amulet)
Stlth   ++           (no ring)
HPRegen 0.22/turn    (no ring)
MPRegen 0.09/turn

%: no passive effects
@: no status effects
A: hooves 1, sturdy frame 1
a: no special abilities


You were on level 2 of the Dungeon.
You visited 1 branch of the dungeon, and saw 2 of its levels.

You collected 86 gold pieces.
You spent 58 gold pieces at shops.


Innate Abilities, Weirdness & Mutations

You have large cloven feet.
Your movements are slightly less encumbered by armour. (ER -2)


   Skills:
 - Level 1.5 Fighting
 + Level 6.4 Ranged Weapons
 - Level 2.4 Dodging
 - Level 1.2 Stealth


You had one spell level left.
You didn't know any spells.
Your spell library was empty.

Inventory:

Hand Weapons
 Y - a +0 shortbow (weapon)
Armour
 e - a +0 ring mail (worn)
 i - a +0 pair of gloves (worn)
Scrolls
 c - a scroll of summoning {unknown}
 d - a scroll of identify
 f - a scroll of teleportation {unknown}
Potions
 a - a potion of berserk rage {unknown}
 b - a potion of ambrosia {unknown}
 g - a potion of might {unknown}
 j - a potion of mutation

Dungeon Overview and Level Annotations

Branches:
Dungeon (2/15)

Altars:

Shops:
D:1 =   D:2 (*?

Annotations:
D:2 Terence


Message History

Enter note:
Enter note: You shoot an arrow.
The arrow hits the endoplasm!
You kill the endoplasm!
Found a stone staircase leading down.
Enter note:
Enter note: Terence the Incautious comes into view.
He is wielding a +0 falchion.
Terence shouts!
Enter note:
Enter note: You shoot an arrow.
The arrow hits Terence but does no damage.
You shoot an arrow. The arrow barely misses Terence.
You shoot an arrow.
The arrow hits Terence but does no damage.
You shoot an arrow. The arrow closely misses Terence.
You shoot an arrow. The arrow hits Terence.
Terence is lightly wounded.
Terence hits you with a +0 falchion.
You shoot an arrow. The arrow hits Terence.
Terence is lightly wounded.
Terence hits you with a +0 falchion.
You shoot an arrow. The arrow closely misses Terence.
Terence completely misses you.
You shoot an arrow. The arrow hits Terence!
Terence is severely wounded.
Terence hits you but does no damage.
You shoot an arrow. The arrow hits Terence.
Terence is severely wounded.
Terence hits you with a +0 falchion.
You shoot an arrow.
The arrow hits Terence but does no damage.
Terence is severely wounded.
Terence hits you with a +0 falchion. Terence barely misses you.
You shoot an arrow.
The arrow hits Terence but does no damage.
Terence is severely wounded.
Terence hits you with a +0 falchion.
You die...

#.# #.#
#.# #.#
#.# #.#
#.# #.#
#.. #.#
#.# ##.
#.# #.# .
##.#######
#.#
..........
#.#
#.########
#.# #.#
#@# #.####
#@.......
.....#
#?.######
.....#
#..>
.....##
...#.
......#
#..#.#
......#
#..# .
(.....#
#..# ##
......#


You could see Terence.

Vanquished Creatures
  An adder (D:2)
  3 ball pythons
  3 endoplasms
  A giant cockroach (D:1)
  A hobgoblin (D:1)
  A bat (D:2)
  A frilled lizard (D:2)
  A kobold (D:2)
  A rat (D:1)
13 creatures vanquished.

Notes
Turn   | Place    | Note
-------+----------+-------------------------------------------
     0 | D:1      | qw the Deep Elf Hunter began the quest for the Orb.
     0 | D:1      | Reached XP level 1. HP: 12/12 MP: 3/3
     0 | D:1      | 0 ||| qw: Version: 0.3-a-22-g0ed2b0b
     0 | D:1      | 0 ||| qw: Game counter: 4921
     0 | D:1      | 0 ||| qw: Melee chars always use a shield: true
     0 | D:1      | 0 ||| qw: God list: Okawaru
     0 | D:1      | 0 ||| qw: Allow faded altars: false
     0 | D:1      | 0 ||| qw: Do Orc after clearing Dungeon:15 true
     0 | D:1      | 0 ||| qw: Do second Lair branch before Depths: true
     0 | D:1      | 0 ||| qw: Lair rune preference: random
     0 | D:1      | 0 ||| qw: Goals: Normal
     0 | D:1      | 0 ||| PLANNING D:1-11
    45 | D:1      | Found Fuazxu Qal's Jewellery Shop.
    52 | D:1      | 52 ||| SHOPLISTING +4 ring of slaying (858 gold, have 3).
    52 | D:1      | 52 ||| SHOPLISTING amulet of Wassueco {Reflect Dex+2 SH+5}
                  | (453 gold, have 3).
    52 | D:1      | 52 ||| SHOPLISTING amulet of reflection (330 gold, have 3).
    52 | D:1      | 52 ||| SHOPLISTING amulet of regeneration (330 gold, have
                  | 3).
    52 | D:1      | 52 ||| SHOPLISTING ring of see invisible (165 gold, have
                  | 3).
   288 | D:1      | Reached XP level 2. HP: 16/16 MP: 4/4
   367 | D:1      | 367 ||| UPGRADING to +0 scale mail.
   377 | D:1      | 377 ||| DROPPING +0 leather armour.
   378 | D:1      | 378 ||| UPGRADING to +0 ring mail.
   388 | D:1      | 388 ||| DROPPING +0 scale mail.
   389 | D:1      | 389 ||| UPGRADING to +0 pair of gloves.
   394 | D:1      | 394 ||| READING scroll labelled LOGUZO RAVUETRIDA.
   395 | D:1      | 395 ||| READING scroll labelled UKAGOT PUOROCW.
   396 | D:1      | 396 ||| READING scroll labelled NIXESIU UQUTI.
   397 | D:1      | 397 ||| DRINKING 2 viscous silvery potions.
   397 | D:1      | Gained mutation: Your movements are slightly less
                  | encumbered by armour. (ER -2) [potion of mutation]
   397 | D:1      | Gained mutation: You have large cloven feet. [potion of
                  | mutation]
   398 | D:1      | 398 ||| DROPPING scroll of butterflies.
   438 | D:2      | Found Gaseb's Antique Weapon Shop.
   452 | D:2      | Found Xeosaomo's Assorted Antiques.
   454 | D:2      | Reached skill level 6 in Ranged Weapons
   468 | D:2      | 468 ||| BUYING fizzy grey potion (18 gold).
   468 | D:2      | Bought a fizzy grey potion for 18 gold pieces
   468 | D:2      | 468 ||| SHOPLISTING fluorescent wand (84 gold, have 28).
   468 | D:2      | 468 ||| BUYING metallic inky potion (18 gold).
   468 | D:2      | Bought a metallic inky potion for 18 gold pieces
   468 | D:2      | 468 ||| SHOPLISTING orange potion (18 gold, have 10).
   468 | D:2      | 468 ||| SHOPLISTING runed leather armour (105 gold, have
                  | 10).
   468 | D:2      | 468 ||| SHOPLISTING scroll labelled EMIXIZ HAIX (21 gold,
                  | have 10).
   468 | D:2      | 468 ||| SHOPLISTING scroll labelled ETITUR RUWAACI (21
                  | gold, have 10).
   468 | D:2      | 468 ||| SHOPLISTING silvery potion (18 gold, have 10).
   507 | D:2      | Found Deurch Piylar's Magic Scroll Emporium.
   520 | D:2      | 520 ||| SHOPLISTING scroll of acquirement (572 gold, have
                  | 29).
   520 | D:2      | 520 ||| BUYING scroll of identify (22 gold).
   520 | D:2      | Bought a scroll of identify for 22 gold pieces
   520 | D:2      | 520 ||| SHOPLISTING scroll of identify (22 gold, have 7).
   520 | D:2      | 520 ||| SHOPLISTING scroll of teleportation (33 gold, have
                  | 7).
   703 | D:2      | Noticed Terence
   714 | D:2      | Slain by Terence

Levels and vault maps discovered:
D:1:      dpeg_arrival_tiny_k, layout_rooms, serial_shops, shop
D:2:      layout_loops_ring, serial_shops, nicolae_shop_overgrown_old_shop,
          nicolae_shop_hallway_plus, shop, shop, uniq_terence

Skill      XL: |  1  2 |
---------------+-------+-----
Ranged Weapons | 6 |  6.4
Fighting       | |  1.5
Dodging        | |  2.4
Stealth        | |  1.2

Action                     || total
---------------------------++-------
   Fire: Shortbow          ||    41
    Use: Scroll            ||     3
         Potion            ||     1
 Armour: Leather armour    ||     2
         Ring mail         ||     2
  Dodge: Dodged            ||     6

Table legend:
 A = Non-vault XP
 B = Vault XP
 C = Vault XP percentage of total XP
 D = Non-vault monster count
 E = Vault monster count
 F = Vault count percentage of total count
                 A         B        C        D         E       F
            +---------+---------+-------+---------+---------+-------
      Total |      32 |       0 |   0.0 |      13 |       0 |   0.0
            +---------+---------+-------+---------+---------+-------
        D:1 |      12 |       0 |   0.0 |       7 |       0 |   0.0
        D:2 |      20 |       0 |   0.0 |       6 |       0 |   0.0
            +---------+---------+-------+---------+---------+-------
